 Dungeon Crawl Stone Soup version 0.27-a0-1180-g7fc4abc71e (webtiles) character file.

Game seed: 14441937547812344278

1780413 EnegeticOcto the Impregnable (level 26, 254/254 HPs)
             Began as a Hill Orc Earth Elementalist on May 17, 2021.
             Was the Champion of Yredelemnul.
             Escaped with the Orb
             ... and 3 runes!
             The game lasted 01:16:09 (58019 turns).

EnegeticOcto the Impregnable (HOEE)                Turns: 58019, Time: 01:16:10

Health: 254/254    AC: 44    Str: 20    XL:     26   Next: 31%
Magic:  39/39      EV: 15    Int: 10    God:    Yredelemnul [******]
Gold:   3454       SH: 19    Dex: 17    Spells: 25/28 levels left

rFire    + + +     SeeInvis .   b - +4 eveningstar of Starshine {drain, rPois rF++ Str-5 Stlth+}
rCold    + . .     Faith    .   I - +5 kite shield "Cotiej" {Rampage rN+ Will+ Int-3}
rNeg     + . .     Spirit   .   W - +7 storm dragon scales {Bai Suzhen}
rPois    +         Reflect  .   L - +2 helmet
rElec    +         Harm     .   n - +2 cloak {Will+}
rCorr    .         Rampage  +   M - +2 pair of gloves
Will     ++++.                  r - +2 pair of boots
Stlth    ..........             C - amulet of Raptisch {Fly rF+ Regen+ Dex+6}
HPRegen  1.52/turn              j - ring of protection from cold
MPRegen  0.26/turn              X - +6 ring of strength

@: flying, studying Shields
A: dopey 1, high mp 1, strong-willed 1, weak 2, inability to read while
threatened
0: Orb of Zot
}: 3/15 runes: serpentine, barnacled, silver
a: Renounce Religion, Recall Undead Slaves, Injury Mirror, Animate Dead, Drain
Life, Enslave Soul


You escaped.
You worshipped Yredelemnul.
Yredelemnul was exalted by your worship.
You visited 9 branches of the dungeon, and saw 49 of its levels.
You visited 1 bazaar.
You also visited: Ossuary, Ice Cave and Desolation.

You collected 9337 gold pieces.
You spent 5883 gold pieces at shops.

Inventory:

Hand Weapons
 a - a +9 vampiric broad axe
   (You acquired it on level 2 of the Dungeon)
 b - the +4 eveningstar of Starshine (weapon) {drain, rPois rF++ Str-5 Stlth+}
   (You found it in the Desolation of Salt)

   A truly terrible weapon, it drains the life of those it strikes.
   It affects your strength (-5).
   It greatly protects you from fire.
   It protects you from poison.
   It makes you more stealthy.
 w - a +8 broad axe of flaming
   (You bought it in a shop on level 7 of the Dungeon)
Missiles
 E - 7 throwing nets {!f}
 K - 18 curare-tipped darts (quivered)
Armour
 n - a +2 cloak of willpower (worn)
   (You acquired it on level 4 of the Lair of Beasts)
 r - a +2 pair of boots (worn)
   (You found it on level 9 of the Dungeon)
 I - the +5 kite shield "Cotiej" (worn) {Rampage rN+ Will+ Int-3}
   (You found it on level 3 of the Elven Halls)

   It affects your intelligence (-3).
   It protects you from negative energy.
   It bestows one free step when moving towards enemies.
   It increases your willpower.
 L - a +2 helmet (worn)
   (You found it on level 6 of the Dungeon)
 M - a +2 pair of gloves (worn)
   (You found it on level 6 of the Dungeon)
 W - +7 storm dragon scales (worn) {Bai Suzhen}
   (You found it on level 4 of the Shoals)
Jewellery
 j - a ring of protection from cold (left hand)
   (You found it in an ice cave)
 C - the amulet of Raptisch (around neck) {Fly rF+ Regen+ Dex+6}
   (You found it in the Desolation of Salt)

   [amulet of regeneration]

   It affects your dexterity (+6).
   It protects you from fire.
   It grants you flight.
   It increases your rate of health regeneration.
 D - the ring of Pride {rCorr Slay+2 SInv}
   (You found it in the Desolation of Salt)

   [ring of see invisible]

   It affects your accuracy and damage with ranged weapons and melee attacks
   (+2).
   It lets you see invisible.
   It protects you from acid and corrosion.
 H - the ring "Rybul" {MP+9 Str+2 Int+4}
   (You took it off a deep elf master archer on level 3 of the Elven Halls)

   [ring of magical power]

   It affects your strength (+2).
   It affects your intelligence (+4).
   It affects your magic capacity (+9).
 R - a ring of willpower
   (You found it on level 4 of the Shoals)
 X - a +6 ring of strength (right hand)
   (You found it on level 12 of the Dungeon)
Wands
 d - a wand of digging (9) {@v3}
   (You took it off a naga on level 1 of the Snake Pit)
 f - a wand of iceblast (69) {@v2}
   (You found it on level 7 of the Dungeon)
 i - a wand of mindburst (102)
   (You found it on level 7 of the Dungeon)
 z - a wand of polymorph (48)
   (You took it off Natasha on level 3 of the Dungeon)
 B - a wand of acid (18) {@v1}
   (You found it on level 4 of the Depths)
 P - a wand of paralysis (33)
   (You found it on level 7 of the Dungeon)
 Q - a wand of charming (21)
   (You found it on level 7 of the Dungeon)
Scrolls
 h - 9 scrolls of fear {!r}
 l - 28 scrolls of teleportation {@r3 !r}
 m - 4 scrolls of magic mapping {@r5 !r}
 J - 14 scrolls of fog {!r}
 O - 7 scrolls of immolation
 T - 4 scrolls of vulnerability
 Z - a scroll of silence
Potions
 c - 3 potions of berserk rage
 e - 29 potions of curing {@q1 !q}
 k - 10 potions of lignification {@q6}
 o - 4 potions of mutation
 p - 3 potions of resistance
 q - 6 potions of heal wounds {@q2 !q}
 s - 2 potions of ambrosia
 t - 9 potions of attraction
 u - 14 potions of haste {@q4 !q}
 x - 5 potions of invisibility
 A - 6 potions of magic
 F - 3 potions of cancellation
 G - 8 potions of might {@q3 !q}
Miscellaneous
 v - a phial of floods
   (You found it on level 2 of the Depths)
 y - a phantom mirror
   (You found it on level 4 of the Snake Pit)
 N - a tin of tremorstones (2/2)
   (You found it on level 4 of the Shoals)


   Skills:
 - Level 24.0 Fighting
 - Level 18.0(19.8) Axes
 - Level 13.1(16.0) Maces & Flails
 + Level 24.8 Armour
 - Level 12.0 Dodging
 - Level 1.5 Stealth
 - Level 15.0 Shields
 - Level 1.5 Spellcasting
 - Level 0.6 Transmutations
 - Level 4.0 Earth Magic
 - Level 18.0 Invocations
 - Level 12.0 Evocations


You had 25 spell levels left.
You knew the following spells:

 Your Spells              Type           Power      Damage    Failure   Level
a - Sandblast             Erth           16%        2d6       21%         1
p - Passwall              Tmut/Erth      4%         N/A       52%         2

Your spell library contained the following spells:

 Spells                   Type           Power      Damage    Failure   Level
 Sting                    Tmut/Pois      4%         1d3       65%         1
 Animate Skeleton         Necr           0%         N/A       71%         1
 Apportation              Tloc           0%         N/A       71%         1
 Corona                   Hex            0%         N/A       71%         1
 Foxfire                  Conj/Fire      0%         2x1d4     71%         1
 Freeze                   Ice            0%         1d3       71%         1
 Magic Dart               Conj           0%         1d3       71%         1
 Pain                     Necr           0%         1d4       71%         1
 Summon Small Mammal      Summ           0%         N/A       71%         1
 Wereblood                Tmut           1%         N/A       77%         2
 Stone Arrow              Conj/Erth      8%         3d7       80%         3
 Blink                    Tloc           N/A        N/A       83%         2
 Call Imp                 Summ           0%         N/A       83%         2
 Corpse Rot               Necr/Air       N/A        N/A       83%         2
 Ensorcelled Hibernation  Hex/Ice        0%         N/A       83%         2
 Slow                     Hex            0%         N/A       83%         2
 Static Discharge         Conj/Air       0%         N/A       83%         2
 Sublimation of Blood     Necr           0%         N/A       83%         2
 Ignite Poison            Fire/Tmut/Pois 1%         N/A       95%         3
 Call Canine Familiar     Summ           0%         N/A       97%         3
 Confusing Touch          Hex            0%         N/A       97%         3
 Conjure Flame            Conj/Fire      0%         6-21      97%         3
 Dazzling Flash           Conj/Hex       0%         N/A       97%         3
 Frozen Ramparts          Ice            0%         1d2       97%         3
 Gell's Gravitas          Tloc           0%         N/A       97%         3
 Inner Flame              Hex/Fire       0%         N/A       97%         3
 Mephitic Cloud           Conj/Pois/Air  0%         N/A       97%         3
 Ozocubu's Armour         Ice            0%         N/A       97%         3
 Portal Projectile        Hex/Tloc       0%         N/A       97%         3
 Summon Guardian Golem    Hex/Summ       0%         N/A       97%         3
 Tukima's Dance           Hex            0%         N/A       97%         3
 Vampiric Draining        Necr           0%         2d6       97%         3
 Petrify                  Tmut/Erth      5%         N/A       98%         4
 Animate Armour           Summ/Erth      8%         N/A       99%         4
 Leda's Liquefaction      Hex/Erth       2%         N/A       99%         4
 Lee's Rapid Deconstruct  Erth           4%         3d6*      99%         5
 Animate Dead             Necr           0%         N/A       100%        4
 Cause Fear               Hex            0%         N/A       100%        4
 Dispel Undead            Necr           0%         3d6       100%        4
 Hailstorm                Conj/Ice       0%         3d3       100%        4
 Ice Form                 Ice/Tmut       1%         N/A       100%        4
 Passage of Golubria      Tloc           N/A        N/A       100%        4
 Sticky Flame             Conj/Fire      0%         2d3       100%        4
 Summon Ice Beast         Ice/Summ       0%         N/A       100%        4
 Summon Lightning Spire   Summ/Air       0%         N/A       100%        4
 Agony                    Necr           0%         N/A       100%        5
 Bolt of Magma            Conj/Fire/Erth 1%         4d4       100%        5
 Excruciating Wounds      Necr           0%         N/A       100%        5
 Fireball                 Conj/Fire      0%         3d3       100%        5
 Hydra Form               Tmut           0%         N/A       100%        5
 Iskenderun's Battlesphe  Conj           0%         2d6       100%        5
 Lightning Bolt           Conj/Air       0%         1d11      100%        5
 Manifold Assault         Tloc           0%         N/A       100%        5
 Metabolic Englaciation   Hex/Ice        0%         N/A       100%        5
 Silence                  Hex/Air        0%         N/A       100%        5
 Summon Forest            Summ/Tloc      0%         N/A       100%        5
 Summon Mana Viper        Hex/Summ       0%         N/A       100%        5
 Yara's Violent Unravell  Hex/Tmut       0%         3d3       100%        5
 Dispersal                Tloc           0%         N/A       100%        6
 Eringya's Noxious Bog    Tmut/Pois      0%         N/A       100%        6
 Freezing Cloud           Conj/Ice/Air   0%         6-21      100%        6
 Iron Shot                Conj/Erth      2%         9d2       100%        6
 Simulacrum               Ice/Necr       0%         N/A       100%        6
 Statue Form              Tmut/Erth      3%         N/A       100%        6
 Dragon Form              Tmut           0%         N/A       100%        7
 Malign Gateway           Summ/Tloc      0%         N/A       100%        7
 Orb of Destruction       Conj           0%         N/A       100%        7
 Ozocubu's Refrigeration  Ice            0%         4d5       100%        7
 Spellforged Servitor     Conj/Summ      0%         N/A       100%        7
 Summon Hydra             Summ           0%         N/A       100%        7
 Discord                  Hex            0%         N/A       100%        8
 Disjunction              Tloc           0%         N/A       100%        8
 Ignition                 Fire           0%         3d3       100%        8
 Dragon's Call            Summ           0%         N/A       100%        9
 Shatter                  Erth           4%         3d7*      100%        9
 Tornado                  Air            0%         N/A       100%        9


Dungeon Overview and Level Annotations

Branches:
Dungeon (15/15)            Temple (0/1) D:6            Lair (6/6) D:10
 Shoals (4/4) Lair:4        Snake (4/4) Lair:3        Slime (0/5) Lair:6
    Orc (2/2) D:11            Elf (3/3) Orc:2        Vaults (5/5) D:14
  Crypt (0/3) Vaults:2     Depths (5/5) D:15            Zot (5/5) Depths:5
Ossuary (visited)           IceCv (visited)         Desolation (visited)

Altars:
Ashenzari
Dithmenos
Elyvilon
Fedhas
Gozag
Kikubaaqudgha
Nemelex Xobeh
Qazlal
Sif Muna
Trog
Uskayaw
Vehumet
Yredelemnul
Beogh

Shops:
D:7 (   D:9 !   Orc:2 [(!*   Shoals:2 *   Snake:2 *   Snake:3 (   Vaults:5 ![
Depths:1 !   Depths:2 ==:   Depths:4 (**[

Portals:
Hell: Depths:1 Depths:2 Depths:3 Depths:4 Depths:5
Abyss: Depths:4
Pandemonium: Depths:2 Depths:3
Ziggurat: Depths:2
Trove: Vaults:1 (show slimy rune of Zot)

Annotations:
D:3 2 transporters, Chrispy's ghost, weakling HOFi
Lair:2 2 transporters, Gilette's ghost, journeyman DsCj
Lair:6 exclusions: 2 oklob plants and 1 more exclusion
Elf:2 4 runed translucent doors
Depths:2 2 runed translucent doors
Depths:5 3 exclusions


Innate Abilities, Weirdness & Mutations

You are dopey. (Int -2)
You have an increased reservoir of magic. (+10% MP)
You are strong-willed. (Will+)
You are very weak. (Str -4)
You sometimes lose the ability to read scrolls when taking damage.


Message History

No target in view!
No target in view!
No target in view!
No target in view!
No target in view!
No target in view!
No target in view!
B - a wand of acid (18) {@v1} (gained 10 charges)
Things that are here:
a +1 whip of electrocution; a +0 robe
(D) Dungeon (T) Temple (L) Lair (A) Shoals (P) Snake Pit (M) Slime Pits (O) Orcish Mines (E) Elven Halls (V) Vaults (C) Crypt (U) Depths (H) Hell (Z) Zot
Where to? (Enter - D:1 @ (x,y), ? - help)
There is a stone staircase leading up here.
You fly upwards.
Your mindless thrall stays behind.
There is a stone staircase leading down here.
You swap places.
There is a stone staircase leading up here.
You fly upwards.
Your mindless thralls stay behind.
There is a stone staircase leading down here.
There is a stone staircase leading up here.
You fly upwards.
There is a stone staircase leading down here.
A neqoxec comes into view.
Unknown command.
You swap places.
You rampage towards the neqoxec!
You closely miss the neqoxec. You hit the neqoxec.
The neqoxec is lightly wounded.
The neqoxec barely misses you.
You spit the neqoxec like a pig!!!
You kill the neqoxec!
Yredelemnul accepts your kill.
No target in view!
No target in view!
No target in view!
No target in view!
(D) Dungeon (T) Temple (L) Lair (A) Shoals (P) Snake Pit (M) Slime Pits (O) Orcish Mines (E) Elven Halls (V) Vaults (C) Crypt (U) Depths (H) Hell (Z) Zot
Where to? (Enter - D:1 @ (x,y), ? - help)
You swap places.
Things that are here:
a +0 short sword; an amulet of guardian spirit; a +0 robe
Things that are here:
a +0 ring mail; a +0 whip A Tzitzimitl comes into view.
Unknown command.
Unknown command.
The Tzitzimitl calls on the powers of darkness!
Your body is wracked with pain!
The Tzitzimitl calls on the powers of darkness!
Your body is wracked with pain!
You feel threatened and lose the ability to read scrolls!
The Tzitzimitl calls on the powers of darkness!
Your body is wracked with pain!
* * * LOW HITPOINT WARNING * * *
There is a stone staircase leading up here.
Something bites the Tzitzimitl but does no damage.
Something barely misses the Tzitzimitl.
Something misses the Tzitzimitl.
You fly upwards.
Level annotation: 2 transporters, Chrispy's ghost, weakling HOFi
There is a stone staircase leading down here.
Really quaff
q - 12 potions of heal wounds {@q2 !q}?
You feel much better.
Really quaff
q - 11 potions of heal wounds {@q2 !q}?
You feel much better.
Really quaff
q - 10 potions of heal wounds {@q2 !q}?
You feel much better.
Really quaff
q - 9 potions of heal wounds {@q2 !q}?
You feel much better.
Really quaff
q - 8 potions of heal wounds {@q2 !q}?
You feel much better.
Really quaff
q - 7 potions of heal wounds {@q2 !q}?
You feel much better.
(D) Dungeon (T) Temple (L) Lair (A) Shoals (P) Snake Pit (M) Slime Pits (O) Orcish Mines (E) Elven Halls (V) Vaults (C) Crypt (U) Depths (H) Hell (Z) Zot
Where to? (Enter - D:1 @ (x,y), ? - help)
You swap places.
There is a stone staircase leading up here.
You fly upwards.
Your mindless thralls stay behind.
There is a stone staircase leading down here.
There is a stone staircase leading down here.
There is an open door here.
You reach down and open the door.
There is an open door here.
You can read scrolls again.
There is a stone staircase leading up here.
You fly upwards.
There is a stone staircase leading down here.
HP restored.
There is an open door here.
There is a staircase leading out of the dungeon here.
Unknown command.
You have escaped!

#........#
####.#.......
#....#.####.#
#.##.#.# #.#
######'####.#
#.#
#PPPP♣.P♣##.#
#.#
#≈P♣.....'..#
#.#
#.....≈PP#.)#
#>#
#@.≈♣P♣P≈##.#
#.#
###########.#
#.# #.....###.##
#..
#.######...#####
#.# #.....####
#.# ##........
#.# ##...####
#.# ##..# #.#
#..#


There were no monsters in sight!

Vanquished Creatures
  A Killer Klown (Zot:5)
  A curse toe (Zot:4)
  A golden dragon (Vaults:5)
  Jory (Depths:4)
  An Ice Fiend (Depths:2)
  3 tentacled monstrosities
  A pandemonium lord (D:14)
  16 Orb Guardians
  2 liches
  2 titans (Vaults:5)
  2 deep elf master archers (Elf:3)
  2 deep elf blademasters (Elf:3)
  3 death cobs
  2 quicksilver dragons
  8 tengu reavers
  Kirke (D:14)
  2 nagarajas (Snake:4)
  A storm dragon (Vaults:2)
  10 shadow dragons
  5 sphinxes
  Roxanne (D:15)
  2 deep elf sorcerers (Elf:3)
  An iron dragon (Vaults:5)
  5 frost giants
  2 draconian knights
  10 vault wardens
  4 fire giants
  2 imperial myrmidons (Desolation)
  A draconian scorcher (Zot:5)
  A cacodemon (D:14)
  A draconian shifter (Zot:1)
  2 spectral caustic shrikes (Depths:4)
  4 deep elf elementalists (Elf:3)
  A draconian stormcaller (Depths:5)
  A balrug (Depths:5)
  10 ironbound preservers
  26 very ugly things
  10 stone giants
  A draconian annihilator (Zot:1)
  3 spriggan defenders
  A vampire knight (Depths:1)
  2 black draconians (Zot:1)
  3 deep elf annihilators
  8 deep elf demonologists
  Azrael (D:12)
  2 red draconians
  A halazid warlock (Desolation)
  An ettin (shapeshifter) (Vaults:5)
  2 white draconians (Zot:1)
  3 spark wasps
  2 yellow draconians (Zot:1)
  A blizzard demon (Depths:3)
  4 ragged hierophants (Desolation)
  6 ettins
  5 fire dragons
  8 deep elf death magi
  Josephine (D:13)
  2 merfolk javelineers (Shoals:4)
  10 yaktaur captains
  2 jiangshi (Depths:5)
  4 deep elf high priests
  A great orb of eyes (Depths:3)
  2 naga warriors
  10 hydras
  A rakshasa (Depths:3)
  4 servants of whispers (Desolation)
  2 salamander tyrants
  26 vault guards
  6 ironbound thunderhulks
  2 ogre magi (Vaults:5)
  7 ironbound frosthearts
  5 peacekeepers (Desolation)
  A spriggan air mage (Depths:5)
  A catoblepas (Lair:6)
  2 ice dragons
  11 two-headed ogres
  3 deep troll shamans
  A merfolk avatar (Shoals:4)
  5 merfolk aquamancers
  9 dancing weapons
  3 anacondas
  7 centaur warriors
  3 tengu warriors
  4 death yaks
  A vampire mage (Depths:5)
  4 deep troll earth magi
  5 orc high priests (Orc:2)
  4 naga sharpshooters
  A sun demon (Depths:5)
  5 ironbound beastmasters
  10 deep elf knights
  A shock serpent (shapeshifter) (Vaults:5)
  5 hell knights
  A soul eater (Zot:1)
  3 salamander mystics (Snake:4)
  7 iron trolls
  A goliath frog (shapeshifter) (Vaults:5)
  7 sea snakes
  2 gelid demonspawn
  36 deep trolls
  A flayed ghost (Depths:1)
  Pikel (D:7)
  8 lindwurms
  2 naga ritualists (Snake:4)
  2 glowing orange brains
  3 phantasmal warriors
  16 ironbound convokers
  8 wizards
  9 deep elf archers
  14 deep elf pyromancers
  9 deep elf zephyrmancers
  11 orc knights
  6 orc sorcerers
  2 mana vipers
  9 harpies
  8 manticores
  A wolf spider (Lair:6)
  2 cyclopes
  10 salamanders
  33 ugly things
  24 black mambas
  5 moths of wrath
  7 elephants
  A merfolk siren (Shoals:4)
  8 vault sentinels
  4 naga magi
  A guardian serpent (Lair:6)
  14 cane toads
  An orange demon (Depths:3)
  An ice statue (IceCv)
  A smoke demon (Depths:2)
  An unseen horror (D:11)
  3 freezing wraiths
  14 yaktaurs
  A tormentor (Depths:2)
  3 kobold demonologists (D:10)
  A rime drake (Lair:2)
  9 komodo dragons
  A yaktaur (shapeshifter) (Vaults:5)
  2 tengu conjurers
  A polar bear (shapeshifter) (D:15)
  14 polar bears (IceCv)
  A queen bee (Lair:1)
  7 trolls
  8 merfolk
  2 hornets
  A wind drake (Shoals:4)
  4 snapping turtles
  38 saltlings (Desolation)
  7 blink frogs
  8 slime creatures
  A spectral merfolk (Shoals:1)
  4 dream sheep
  2 flying skulls (Lair:3)
  4 air elementals
  2 redbacks
  A shadow (D:11)
  36 yaks
  7 water elementals
  A centaur simulacrum (D:15)
  5 wraiths
  A ynoxinul (Depths:2)
  A fire bat (shapeshifter) (D:14)
  6 basilisks
  A fire bat (Depths:2)
  11 wyverns
  A chaos spawn (Depths:3)
  2 fire elementals
  2 neqoxecs
  Grum (D:8)
  A hog (D:14)
  A vampire mosquito (D:14)
  A swamp worm (shapeshifter) (Vaults:5)
  2 steam dragons
  20 nagas
  2 acid dragons
  3 hell hounds (D:12)
  4 wargs
  A floating eye (shapeshifter) (Vaults:2)
  16 water moccasins
  34 orc warriors
  A sky beast (D:8)
  3 black bears
  2 hornet zombies
  3 ice beasts
  A satyr simulacrum (Shoals:1)
  4 necrophages
  8 centaurs
  10 ogres
  34 wolves
  3 lemures (D:7)
  An elf zombie (Ossuary)
  8 kobold brigands
  3 bullfrogs
  A scorpion (D:4)
  An earth elemental (Elf:3)
  2 water nymph simulacra (Shoals:1)
  A water moccasin skeleton (D:5)
  19 killer bees
  A manticore simulacrum (Shoals:1)
  3 howler monkeys
  5 electric eels
  A bullfrog zombie (D:6)
  4 centaur zombies
  2 bullfrog skeletons
  3 hounds
  3 human zombies (Ossuary)
  27 orc priests
  A jelly (D:7)
  Jessica (D:3)
  An iguana (D:5)
  17 orc wizards
  Natasha (twice) (D:3)
  2 killer bee zombies
  4 mummies (Ossuary)
  2 howler monkey zombies (D:8)
  3 gnolls (D:5)
  6 adders
  A howler monkey skeleton (D:5)
  A shadow imp (D:7)
  9 white imps
  An ufetubus (D:5)
  An adder zombie (Ossuary)
  4 worms
  3 dart slugs
  71 orcs
  5 endoplasms
  4 giant cockroaches
  11 hobgoblins
  6 jackals
  A quokka (D:1)
  4 ball pythons
  14 bats
  4 frilled lizards
  A gnoll zombie (Ossuary)
  7 goblins
  2 goblin zombies (Ossuary)
  A hobgoblin zombie (Ossuary)
  2 jackal zombies (Ossuary)
  17 kobolds
  An orc zombie (Ossuary)
  4 rats
  A spectral orc (D:11)
1322 creatures vanquished.

Vanquished Creatures (collateral kills)
  A dread lich (Vaults:5)
  Saint Roka (Snake:4)
  Bai Suzhen (Shoals:4)
  Frederick (Vaults:4)
  Xtahua (Depths:5)
  A caustic shrike (Depths:3)
  Nikola (Shoals:4)
  A curse toe (Zot:5)
  3 golden dragons
  A bone dragon (Depths:5)
  A Tzitzimitl (Zot:5)
  Jorgrun (D:13)
  An electric golem (Zot:1)
  10 tentacled monstrosities
  2 titans
  An Orb Guardian (D:14)
  3 liches
  2 quicksilver dragons
  A sphinx (Depths:3)
  2 death cobs
  3 tengu reavers
  2 krakens (Shoals:4)
  2 storm dragons
  4 shadow dragons
  3 draconian monks
  9 nagarajas
  The ghost of Chrispy the Severer, a journeyman HOFi of Beogh (Shoals:1)
  5 vault wardens
  5 frost giants
  3 fire giants
  An iron dragon (Vaults:5)
  3 deep elf sorcerers
  A draconian shifter (Zot:1)
  A balrug (Depths:2)
  A draconian scorcher (Depths:5)
  2 orc warlords (Vaults:2)
  18 ironbound preservers
  A spriggan defender (Depths:3)
  2 spectral caustic shrikes (Depths:4)
  A reaper (D:14)
  A draconian annihilator (Zot:5)
  7 stone giants
  20 very ugly things
  A war gargoyle (Vaults:4)
  A lorocyproca (D:14)
  2 green draconians
  A deep elf demonologist (Elf:3)
  A vampire knight (Depths:2)
  2 deep elf annihilators
  2 entropy weavers
  2 yellow draconians
  3 dire elephants
  A red draconian (Zot:5)
  A white draconian (Zot:1)
  4 spark wasps
  A purple draconian (Depths:5)
  4 merfolk javelineers
  Snorg (D:14)
  12 ettins
  2 deep elf death magi
  6 crystal guardians
  A ragged hierophant (Desolation)
  3 fire dragons
  4 merfolk impalers
  A deep elf high priest (Vaults:2)
  Fannar (D:12)
  10 yaktaur captains
  6 great orbs of eyes
  4 ironbound thunderhulks
  13 naga warriors
  2 servants of whispers (Desolation)
  17 vault guards
  4 ironbound frosthearts
  An ice dragon (Depths:4)
  5 peacekeepers
  2 salamander tyrants
  A rakshasa (Depths:1)
  5 anacondas
  2 death yaks (Lair:6)
  3 alligator snapping turtles
  A two-headed ogre (D:10)
  3 merfolk aquamancers
  11 centaur warriors
  2 satyrs
  4 merfolk avatars
  3 deep troll shamans
  3 orc high priests
  2 ironbound beastmasters (Vaults:1)
  4 deep troll earth magi
  3 tengu warriors
  A vampire mage (Depths:2)
  9 shock serpents
  5 hell knights
  9 naga sharpshooters
  3 spriggan berserkers
  3 deep elf knights
  A sun demon (Depths:2)
  2 sixfirhies (D:14)
  6 glowing orange brains
  4 iron trolls
  7 sea snakes
  4 deep elf archers
  4 salamander mystics
  41 deep trolls
  5 wizards
  A flayed ghost (Depths:3)
  6 naga ritualists
  A torturous demonspawn (Depths:2)
  13 ironbound convokers
  2 phantasmal warriors (Vaults:5)
  5 deep elf pyromancers
  18 harpies
  2 mana vipers (Snake:4)
  2 necromancers (Depths:3)
  28 ugly things
  3 lindwurms
  7 orc knights
  A wolf spider (Lair:6)
  14 manticores
  2 oklob plants (Lair:2)
  2 deep elf zephyrmancers
  2 spectral alligator snapping turtles (Shoals:1)
  9 fauns
  2 elephants (Lair:5)
  2 cyclopes
  3 moths of wrath
  20 salamanders
  Joseph (D:10)
  7 merfolk sirens
  15 vault sentinels
  5 water nymphs
  A centaur zombie (D:11)
  22 black mambas
  12 naga magi
  4 guardian serpents
  2 tengu conjurers
  2 komodo dragons (Lair:2)
  A freezing wraith (Vaults:5)
  14 yaktaurs
  An efreet (D:15)
  2 trolls
  A spectral harpy (Shoals:1)
  A polar bear (shapeshifter) (D:14)
  2 hornets
  3 polar bears
  A jumping spider (Vaults:4)
  15 slime creatures
  3 wind drakes
  15 saltlings (Desolation)
  5 snapping turtles
  A blink frog (shapeshifter) (Elf:1)
  4 blink frogs
  A slime creature (shapeshifter) (Depths:3)
  3 dream sheep
  23 merfolk
  A snapping turtle (shapeshifter) (D:15)
  A human simulacrum (Vaults:4)
  A spriggan (Depths:3)
  A redback (Lair:6)
  12 water elementals
  A spectral wind drake (Shoals:1)
  2 basilisks
  3 wraiths (D:13)
  2 fire bats (Depths:2)
  2 hogs (D:14)
  2 wyverns (Lair:6)
  2 vampire mosquitoes (D:14)
  9 yaks
  A neqoxec (Depths:2)
  3 wargs
  41 nagas
  5 water moccasins
  A hell hound (D:12)
  An ice beast (Vaults:4)
  20 orc warriors
  An ogre (Vaults:5)
  3 necrophages (Lair:2)
  8 wolves
  2 centaurs
  A bullfrog (Lair:2)
  3 killer bees (Lair:1)
  A killer bee (shapeshifter) (Vaults:5)
  4 electric eels
  A quasit (D:14)
  6 orc priests
  3 orc wizards
  Natasha (D:3)
  4 white imps (D:15)
  9 orcs
  A bush (Lair:6)
  3 plants (Shoals:3)
  5 tentacles (Shoals:4)
883 creatures vanquished.

Vanquished Creatures (others)
  3 bone dragons
  3 profane servitors
  An Orb Guardian (Zot:5)
  A fire giant (Depths:1)
  6 ghouls
  10 vampire knights
  A merfolk impaler (Shoals:4)
  A centaur warrior (Vaults:4)
  A deep troll earth mage (Depths:4)
  A deep elf knight (Elf:3)
  14 skeletal warriors
  A sea snake (Shoals:4)
  10 flayed ghosts
  A wizard (Vaults:4)
  An ironbound convoker (Desolation)
  6 deep elf zephyrmancers
  9 phantasmal warriors
  A guardian serpent (Snake:4)
  A tengu conjurer (Depths:2)
  A merfolk (Shoals:1)
  A saltling (Desolation)
  9 flying skulls
  2 wraiths (Lair:6)
  A fire elemental (Elf:1)
  5 vampires
  A naga (Snake:4)
  An orc warrior (Vaults:5)
  2 wights
  3 death yak zombies (Lair:6)
  A catoblepas zombie (Lair:6)
  An ettin zombie (Vaults:5)
  2 mummies
  3 cane toad zombies (Lair:6)
  An elf zombie (D:12)
  2 harpy skeletons (Shoals:1)
  A harpy zombie (Shoals:1)
  A black mamba zombie (Snake:4)
  A wolf zombie (Lair:6)
  3 basilisk zombies
  A blink frog zombie (Lair:2)
  A centaur zombie (D:6)
  6 human zombies (Vaults:5)
  2 salamander zombies (Snake:4)
  2 water moccasin zombies (Lair:6)
  A warg zombie (Snake:4)
  11 naga zombies
  4 yak zombies (Lair:6)
  An adder zombie (D:4)
  A felid zombie (D:3)
  A gnoll zombie (D:5)
  2 kobold zombies (D:6)
  12 orc zombies
  A worm zombie (D:4)
  A wyvern zombie (Lair:6)
  66 fungi
  200 plants
  3 tentacles (Shoals:4)
430 creatures vanquished.

Grand Total: 2635 creatures vanquished

Notes
Turn   | Place    | Note
-------+----------+-------------------------------------------
     0 | D:1      | EnegeticOcto the Hill Orc Earth Elementalist began the
                  | quest for the Orb.
     0 | D:1      | Reached XP level 1. HP: 14/14 MP: 3/3
   302 | D:1      | Reached XP level 2. HP: 20/20 MP: 2/4
   879 | D:1      | Reached skill level 4 in Earth Magic
  1185 | D:1      | Found a faded altar of an unknown god.
  1189 | D:1      | Became a worshipper of Yredelemnul the Dark
  1189 | D:1      | Reached * piety under Yredelemnul
  1230 | D:1      | Reached XP level 3. HP: 27/27 MP: 5/5
  1280 | D:1      | Reached skill level 1 in Fighting
  1671 | D:2      | Reached skill level 2 in Fighting
  2372 | D:2      | Reached XP level 4. HP: 33/37 MP: 6/6
  2416 | D:2      | Reached skill level 3 in Fighting
  2865 | D:2      | Reached skill level 1 in Invocations
  3123 | D:2      | Identified 2 scrolls of acquirement
  3123 | D:2      | Acquired 350 gold pieces
  3124 | D:2      | Acquired a +1 vampiric broad axe
  3152 | D:3      | Found a hide-covered altar of Uskayaw.
  3205 | D:3      | Found a shimmering blue altar of Sif Muna.
  3225 | D:3      | Learned a level 2 spell: Passwall
  3235 | D:3      | Got Sif Muna's Collected Works on the Frostbite
  3237 | D:3      | Got Sif Muna's Guide on Attacks
  3240 | D:3      | Got Sif Muna's Papyrus of Malediction
  3303 | D:3      | Noticed Jessica
  3321 | D:3      | Killed Jessica
  3322 | D:3      | Reached skill level 1 in Axes
  3322 | D:3      | Reached skill level 2 in Invocations
  3516 | D:3      | Reached XP level 5. HP: 36/45 MP: 7/7
  3520 | D:3      | Reached skill level 2 in Axes
  3521 | D:3      | Noticed Sigmund
  3755 | D:3      | Found a transporter.
  3769 | D:3      | Noticed Natasha
  3778 | D:3      | Killed Natasha
  3779 | D:3      | Reached skill level 3 in Axes
  3853 | D:3      | Found a transporter.
  3872 | D:3      | Noticed Natasha
  3878 | D:3      | Reached ** piety under Yredelemnul
  3884 | D:3      | Reached skill level 3 in Invocations
  3909 | D:3      | Killed Natasha
  3911 | D:3      | Noticed Natasha
  3917 | D:3      | Your ally Natasha died
  3918 | D:3      | Killed Natasha
  3919 | D:3      | Reached skill level 4 in Axes
  4077 | D:3      | Reached XP level 6. HP: 46/51 MP: 8/8
  4202 | D:3      | Noticed Sigmund
  4202 | D:3      | Sigmund changed into Sigmund the hound
  4208 | D:3      | Killed Sigmund the hound
  4209 | D:3      | Reached skill level 5 in Axes
  4352 | D:3      | Found a radiant altar of Vehumet.
  4431 | D:3      | Noticed Chrispy's ghost (weakling HOFi)
  4904 | D:4      | Reached skill level 6 in Axes
  5609 | D:4      | Reached skill level 7 in Axes
  5609 | D:4      | Reached XP level 7. HP: 31/57 MP: 9/9
  6208 | D:5      | Entered Level 5 of the Dungeon
  6664 | D:4      | Reached skill level 8 in Axes
  7077 | D:5      | Reached skill level 9 in Axes
  7384 | D:5      | Reached XP level 8. HP: 36/63 MP: 10/10
  7624 | D:5      | Reached skill level 10 in Axes
  7774 | D:6      | Noticed Maggie
  7775 | D:6      | Noticed Maggie
  7775 | D:6      | Maggie changed into Maggie the basilisk
  7798 | D:6      | Killed Maggie the basilisk
  7799 | D:6      | Reached skill level 11 in Axes
  7847 | D:6      | Found a staircase to the Ecumenical Temple.
  7884 | D:6      | Found a stormy altar of Qazlal.
  7996 | D:6      | Reached skill level 12 in Axes
  8102 | D:6      | Found a sparkling altar of Nemelex Xobeh.
  8195 | D:6      | Found a blossoming altar of Fedhas.
  8336 | D:7      | Reached skill level 1 in Armour
  8336 | D:7      | Reached skill level 1 in Shields
  8362 | D:7      | Reached skill level 2 in Armour
  8362 | D:7      | Reached skill level 2 in Shields
  8362 | D:7      | Reached XP level 9. HP: 24/69 MP: 11/11
  8533 | D:7      | Found a sand-covered staircase.
  8541 | Ossuary  | Entered an ossuary
  8561 | Ossuary  | Reached *** piety under Yredelemnul
  8563 | Ossuary  | Reached skill level 3 in Armour
  8563 | Ossuary  | Reached skill level 3 in Shields
  9023 | D:7      | Noticed Pikel
  9082 | D:7      | Found Biwyhof's Antique Weapon Shop.
  9087 | D:7      | Bought a glowing broad axe for 154 gold pieces
  9087 | D:7      | Bought a crude hand axe for 176 gold pieces
  9087 | D:7      | Identified the +10 hand axe of Wu Jian's Hope {protect,
                  | Drain rN+ rCorr Dex+3} (You bought it in a shop on level 7
                  | of the Dungeon)
  9143 | D:7      | Noticed a troll
  9175 | D:6      | Killed a troll
  9176 | D:6      | Reached skill level 4 in Armour
  9176 | D:6      | Reached skill level 4 in Shields
  9312 | D:7      | Reached skill level 5 in Shields
  9779 | D:8      | Reached skill level 6 in Shields
  9890 | D:8      | Found a shadowy altar of Dithmenos.
  9904 | D:8      | Received a gift from Yredelemnul (a wight)
  9910 | D:8      | Noticed Grum
  9925 | D:8      | Killed Grum
  9947 | D:8      | Reached skill level 4 in Invocations
 10107 | D:8      | Reached skill level 4 in Fighting
 10121 | D:8      | Found an opulent altar of Gozag.
 10184 | D:8      | Reached XP level 10. HP: 70/80 MP: 13/13
 10469 | D:8      | Reached skill level 13 in Axes
 10609 | D:9      | Reached skill level 5 in Invocations
 10658 | D:9      | Reached skill level 5 in Fighting
 10762 | D:9      | Found a white marble altar of Elyvilon.
 11239 | D:9      | Found Hoshrig's Distillery.
 11245 | D:9      | Bought a potion of cancellation for 96 gold pieces
 11245 | D:9      | Bought a potion of attraction for 36 gold pieces
 11245 | D:9      | Bought a potion of heal wounds for 60 gold pieces
 11245 | D:9      | Bought 2 potions of flight for 72 gold pieces
 11245 | D:9      | Bought a potion of heal wounds for 60 gold pieces
 11245 | D:9      | Bought 2 potions of invisibility for 192 gold pieces
 11245 | D:9      | Bought a potion of flight for 36 gold pieces
 11245 | D:9      | Bought a potion of curing for 36 gold pieces
 11433 | D:9      | Found a runed translucent door.
 11465 | D:9      | Noticed an orc knight
 11485 | D:9      | Reached **** piety under Yredelemnul
 11485 | D:9      | Received a gift from Yredelemnul (a mummy)
 11541 | D:9      | Killed an orc knight
 11542 | D:9      | Reached skill level 6 in Invocations
 11614 | D:9      | Found a roughly hewn altar of Beogh.
 11747 | D:10     | Entered Level 10 of the Dungeon
 11849 | D:10     | Reached skill level 6 in Fighting
 11849 | D:10     | Reached skill level 14 in Axes
 11898 | D:10     | Received a gift from Yredelemnul (a mummy)
 12090 | D:10     | Noticed a two-headed ogre
 12102 | D:10     | Killed a two-headed ogre
 12103 | D:10     | Reached skill level 7 in Invocations
 12237 | D:10     | Noticed a kobold demonologist
 12238 | D:10     | Noticed a kobold demonologist
 12239 | D:10     | Noticed a kobold demonologist
 12248 | D:10     | Noticed a smoke demon
 12249 | D:10     | Killed a kobold demonologist
 12250 | D:10     | Reached skill level 15 in Axes
 12256 | D:10     | Noticed a soul eater
 12260 | D:10     | Gained mutation: You do not regenerate when monsters are
                  | visible. [a neqoxec]
 12262 | D:10     | Killed a kobold demonologist
 12263 | D:10     | Reached XP level 11. HP: 84/89 MP: 16/16
 12425 | D:10     | Reached skill level 16 in Axes
 12453 | D:10     | Noticed Joseph
 12464 | D:10     | Killed Joseph
 12467 | D:10     | Found a staircase to the Lair.
 13033 | D:11     | Found a staircase to the Orcish Mines.
 13033 | D:11     | Noticed a two-headed ogre
 13054 | D:11     | Killed a two-headed ogre
 13055 | D:11     | Reached skill level 17 in Axes
 13379 | D:11     | Noticed a two-headed ogre
 13391 | D:11     | Killed a two-headed ogre
 13450 | D:11     | Noticed a cyclops
 13461 | D:11     | Killed a cyclops
 13521 | D:11     | Noticed a two-headed ogre
 13534 | D:11     | Killed a two-headed ogre
 13535 | D:11     | Reached skill level 18 in Axes
 13875 | D:11     | Found a basalt altar of Yredelemnul.
 14376 | D:11     | Acquired 565 gold pieces
 14435 | Lair:1   | Entered Level 1 of the Lair of Beasts
 14621 | Lair:1   | Reached skill level 5 in Armour
 14621 | Lair:1   | Reached XP level 12. HP: 88/97 MP: 17/17
 14631 | Lair:1   | Noticed an eight-headed hydra
 14640 | Lair:1   | Reached skill level 7 in Fighting
 14648 | Lair:1   | Killed a four-headed hydra
 14649 | Lair:1   | Reached skill level 7 in Shields
 14780 | Lair:1   | Received a gift from Yredelemnul (a wight)
 15009 | Lair:1   | Reached skill level 6 in Armour
 15164 | Lair:1   | Reached skill level 8 in Fighting
 15499 | Lair:1   | Received a gift from Yredelemnul (a wraith)
 15501 | Lair:1   | Reached skill level 1 in Evocations
 15533 | Lair:1   | Reached ***** piety under Yredelemnul
 15754 | Lair:2   | Reached skill level 2 in Evocations
 15762 | Lair:2   | Reached skill level 8 in Shields
 15850 | Lair:2   | Noticed a four-headed hydra
 15857 | Lair:2   | Killed a one-headed hydra
 15858 | Lair:2   | Reached skill level 3 in Evocations
 15892 | Lair:2   | Noticed a four-headed hydra
 15902 | Lair:2   | Killed a one-headed hydra
 15903 | Lair:2   | Reached skill level 7 in Armour
 16006 | Lair:2   | Identified the +3 spear of Tat Kups {flame, Str+4}
 16015 | Lair:2   | Found a transporter.
 16018 | Lair:2   | Found a bloodstained altar of Trog.
 16029 | Lair:2   | Found a transporter.
 16060 | Lair:2   | Reached skill level 4 in Evocations
 16062 | Lair:2   | Received a gift from Yredelemnul (4 flying skulls)
 16158 | Lair:2   | Noticed Gilette's ghost (journeyman DsCj)
 16179 | Lair:2   | Reached skill level 9 in Fighting
 17272 | Lair:3   | Found a staircase to the Snake Pit.
 17338 | Lair:3   | Noticed a six-headed hydra
 17348 | Lair:3   | Killed a two-headed hydra
 17349 | Lair:3   | Reached skill level 9 in Shields
 17349 | Lair:3   | Reached XP level 13. HP: 104/111 MP: 18/18
 17499 | Lair:3   | Reached skill level 8 in Armour
 17913 | Lair:4   | Found a staircase to the Shoals.
 17966 | Lair:4   | Acquired a +2 cloak of willpower
 17994 | Lair:4   | Reached skill level 10 in Fighting
 18805 | Lair:5   | Reached skill level 10 in Shields
 18842 | Lair:5   | Received a gift from Yredelemnul (2 flying skulls)
 19116 | Lair:5   | Reached skill level 11 in Fighting
 19771 | Lair:6   | Entered Level 6 of the Lair of Beasts
 19789 | Lair:6   | Received a gift from Yredelemnul (a wraith)
 19792 | Lair:6   | Found a staircase to the Slime Pits.
 19822 | Lair:6   | Reached skill level 11 in Shields
 20002 | Lair:6   | Reached skill level 12 in Fighting
 20139 | Lair:6   | Reached skill level 12 in Shields
 20198 | Lair:6   | Reached XP level 14. HP: 126/126 MP: 19/19
 20273 | Lair:6   | Received a gift from Yredelemnul (a skeletal warrior)
 20349 | Lair:6   | Reached skill level 13 in Shields
 20505 | Lair:6   | Received a gift from Yredelemnul (5 flying skulls)
 20955 | Lair:6   | Reached skill level 14 in Shields
 21318 | Orc:1    | Entered Level 1 of the Orcish Mines
 21330 | Orc:1    | Reached ****** piety under Yredelemnul
 21342 | Orc:1    | Received a gift from Yredelemnul (a phantasmal warrior)
 21525 | Orc:1    | Received a gift from Yredelemnul (a phantasmal warrior)
 21627 | Orc:1    | Received a gift from Yredelemnul (a flayed ghost)
 21917 | Orc:1    | Found a roughly hewn altar of Beogh.
 22124 | Orc:2    | Entered Level 2 of the Orcish Mines
 22147 | Orc:2    | Reached skill level 15 in Shields
 22348 | Orc:2    | Received a gift from Yredelemnul (a vampire)
 22370 | Orc:2    | Reached skill level 2 in Dodging
 22485 | Orc:2    | Received a gift from Yredelemnul (a vampire)
 22534 | Orc:2    | Received a gift from Yredelemnul (a ghoul)
 22750 | Orc:2    | Reached skill level 8 in Invocations
 22758 | Orc:2    | Reached skill level 3 in Dodging
 22758 | Orc:2    | Reached skill level 5 in Evocations
 23012 | Orc:2    | Found Wamum's Antique Weapon Emporium.
 23012 | Orc:2    | Found Mucohug's Antique Armour Emporium.
 23013 | Orc:2    | Found Wuggoxuf's Distillery.
 23013 | Orc:2    | Found Jioff's Assorted Antiques.
 23029 | Orc:2    | Bought a steaming scale mail for 234 gold pieces
 23029 | Orc:2    | Identified the +2 scale mail of Happy Babbling {Rampage
                  | rElec Stlth-} (You bought it in a shop on level 2 of the
                  | Orcish Mines)
 23029 | Orc:2    | Bought a steaming scale mail for 234 gold pieces
 23029 | Orc:2    | Identified the +1 scale mail of Happy Babbling {-Cast rC+
                  | rN+ Dex+3} (You bought it in a shop on level 2 of the
                  | Orcish Mines)
 23032 | Orc:2    | Bought a potion of cancellation for 144 gold pieces
 23032 | Orc:2    | Bought a potion of heal wounds for 90 gold pieces
 23032 | Orc:2    | Bought a potion of haste for 180 gold pieces
 23032 | Orc:2    | Bought a potion of haste for 180 gold pieces
 23032 | Orc:2    | Bought a potion of curing for 54 gold pieces
 23032 | Orc:2    | Bought 2 potions of might for 144 gold pieces
 23034 | Orc:2    | Bought a scroll of fear for 73 gold pieces
 23034 | Orc:2    | Bought a scroll of magic mapping for 73 gold pieces
 23034 | Orc:2    | Bought a potion of haste for 210 gold pieces
 23034 | Orc:2    | Bought a scroll of enchant weapon for 157 gold pieces
 23034 | Orc:2    | Bought a scroll of enchant weapon for 157 gold pieces
 23118 | Orc:2    | Paralysed by an orc sorcerer for 2 turns
 23164 | Orc:2    | Found a staircase to the Elven Halls.
 23586 | D:12     | Noticed Fannar
 23623 | D:12     | Killed Fannar
 23665 | D:12     | Identified the -3 helmet of Time Monsters {Fly rF- Will+
                  | Dex+5}
 23774 | D:12     | Noticed Azrael
 23775 | D:12     | Reached XP level 15. HP: 126/132 MP: 21/21
 23789 | D:12     | Reached skill level 9 in Armour
 23794 | D:12     | Your ally Fannar died
 23800 | D:12     | Killed Azrael
 24253 | D:12     | Received a gift from Yredelemnul (a flayed ghost)
 24267 | D:12     | Reached skill level 9 in Invocations
 24640 | D:13     | Reached skill level 6 in Evocations
 24751 | D:13     | Reached skill level 4 in Dodging
 24858 | D:13     | Received a gift from Yredelemnul (a skeletal warrior)
 25043 | D:13     | Noticed Jorgrun
 25053 | D:13     | Killed Jorgrun
 25062 | D:13     | Noticed Josephine
 25067 | D:13     | Killed Josephine
 25072 | D:13     | Received a gift from Yredelemnul (a vampire)
 25766 | D:14     | Noticed Snorg
 25769 | D:14     | Killed Snorg
 26158 | D:14     | Noticed Kirke
 26171 | D:14     | Reached skill level 10 in Invocations
 26171 | D:14     | Killed Kirke
 26172 | D:14     | Reached skill level 10 in Armour
 26250 | D:14     | Reached skill level 5 in Dodging
 26253 | D:14     | Reached skill level 7 in Evocations
 26253 | D:14     | Found a gate to the Vaults.
 26520 | D:15     | Entered Level 15 of the Dungeon
 26552 | D:15     | Found a frozen archway.
 26553 | D:15     | Received a gift from Yredelemnul (a phantasmal warrior)
 26570 | IceCv    | Entered an ice cave
 27095 | IceCv    | Received a gift from Yredelemnul (a phantasmal warrior)
 27241 | IceCv    | Noticed a frost giant
 27259 | IceCv    | Received a gift from Yredelemnul (a phantasmal warrior)
 27280 | IceCv    | Killed a frost giant
 27281 | IceCv    | Reached skill level 11 in Invocations
 27292 | IceCv    | Reached XP level 16. HP: 135/139 MP: 24/24
 27593 | D:15     | Found a broken altar of Ashenzari.
 27602 | D:15     | Reached skill level 8 in Evocations
 27603 | D:15     | Reached skill level 6 in Dodging
 27611 | D:15     | Received a gift from Yredelemnul (a bone dragon)
 27616 | D:15     | Reached skill level 11 in Armour
 27747 | D:15     | Identified Roxanne's Collected Works on Transmigration
 27747 | D:15     | Noticed Roxanne
 27756 | D:15     | Killed Roxanne
 27943 | D:15     | Received a gift from Yredelemnul (a ghoul)
 28031 | D:15     | Found a staircase to the Depths.
 28039 | D:15     | Reached skill level 12 in Invocations
 28560 | Snake:1  | Entered Level 1 of the Snake Pit
 28628 | Shoals:1 | Entered Level 1 of the Shoals
 28642 | Shoals:1 | Received a gift from Yredelemnul (a profane servitor)
 28768 | Shoals:1 | Found a runed translucent gate.
 28768 | Shoals:1 | Found a runed translucent gate.
 28768 | Shoals:1 | Found a runed translucent gate.
 28775 | Shoals:1 | Received a gift from Yredelemnul (a vampire knight)
 28777 | Shoals:1 | Noticed Chrispy's ghost (journeyman HOFi)
 29238 | Shoals:1 | Reached skill level 12 in Armour
 29245 | Shoals:1 | Reached skill level 13 in Invocations
 29406 | Shoals:1 | Received a gift from Yredelemnul (a profane servitor)
 29700 | Shoals:1 | Killed Chrispy's ghost
 29714 | Shoals:1 | Identified the ring "Quoxut" {Ice rPois}
 29930 | Shoals:2 | Received a gift from Yredelemnul (a vampire knight)
 30200 | Shoals:2 | Found Acwiun's Assorted Antiques.
 30234 | Shoals:2 | Reached skill level 14 in Invocations
 30645 | Shoals:2 | Received a gift from Yredelemnul (a vampire knight)
 30997 | Shoals:3 | Received a gift from Yredelemnul (a flayed ghost)
 31003 | Shoals:3 | Reached skill level 15 in Invocations
 31005 | Shoals:3 | Received a gift from Yredelemnul (a vampire knight)
 31344 | Shoals:3 | Received a gift from Yredelemnul (a flayed ghost)
 31670 | Shoals:3 | Received a gift from Yredelemnul (a phantasmal warrior)
 31964 | Shoals:4 | Entered Level 4 of the Shoals
 31975 | Shoals:4 | Noticed Nikola
 31983 | Shoals:4 | Killed Nikola
 31984 | Shoals:4 | Reached skill level 13 in Fighting
 32177 | Shoals:4 | Noticed Bai Suzhen
 32188 | Shoals:4 | Noticed a kraken
 32188 | Shoals:4 | Killed Bai Suzhen
 32189 | Shoals:4 | Reached XP level 17. HP: 116/150 MP: 28/28
 32194 | Shoals:4 | Killed a kraken
 32206 | Shoals:4 | Reached skill level 14 in Fighting
 32652 | Shoals:4 | Reached skill level 15 in Fighting
 32841 | Shoals:4 | Got a barnacled rune of Zot
 32870 | Shoals:4 | Noticed a kraken
 32879 | Shoals:4 | Killed a kraken
 33041 | Shoals:4 | Received a gift from Yredelemnul (a vampire)
 33074 | Shoals:4 | Reached skill level 16 in Fighting
 34218 | Snake:1  | Received a gift from Yredelemnul (a flayed ghost)
 34979 | Snake:2  | Received a gift from Yredelemnul (a skeletal warrior)
 34998 | Snake:2  | Reached skill level 17 in Fighting
 35003 | Snake:2  | Received a gift from Yredelemnul (a flayed ghost)
 35180 | Snake:2  | Found Lyenygis's Assorted Antiques.
 35189 | Snake:2  | Bought a scroll of teleportation for 60 gold pieces
 35189 | Snake:2  | Bought a potion of curing for 60 gold pieces
 35189 | Snake:2  | Bought a scroll of enchant armour for 150 gold pieces
 35189 | Snake:2  | Bought a potion of curing for 60 gold pieces
 35199 | Snake:2  | You fall into a shaft and drop 1 floor!
 35212 | Snake:3  | Found Neplaph's Weapon Shoppe.
 35450 | Snake:3  | Received a gift from Yredelemnul (a phantasmal warrior)
 35788 | Snake:3  | Reached XP level 18. HP: 148/171 MP: 29/29
 35976 | Snake:2  | Received a gift from Yredelemnul (a skeletal warrior)
 35998 | Snake:2  | Reached skill level 18 in Fighting
 36353 | Snake:4  | Entered Level 4 of the Snake Pit
 36360 | Snake:4  | Noticed Saint Roka
 36377 | Snake:4  | Killed Saint Roka
 36547 | Snake:4  | Identified the ring of Boaxkuim {rF- Will+ Dex+7}
 36762 | Snake:4  | Received a gift from Yredelemnul (a flayed ghost)
 36799 | Snake:4  | Reached skill level 7 in Dodging
 36804 | Snake:4  | Received a gift from Yredelemnul (a phantasmal warrior)
 36825 | Snake:4  | Reached skill level 16 in Invocations
 36829 | Snake:4  | Reached skill level 13 in Armour
 37065 | Snake:4  | Got a serpentine rune of Zot
 37076 | Snake:4  | Received a gift from Yredelemnul (a flayed ghost)
 37282 | Snake:4  | Reached skill level 8 in Dodging
 37811 | Vaults:1 | Entered Level 1 of the Vaults
 37844 | Vaults:1 | Received a gift from Yredelemnul (a skeletal warrior)
 37970 | Vaults:1 | Found a portal to a secret trove of treasure.
 38170 | Vaults:1 | Received a gift from Yredelemnul (a skeletal warrior)
 38170 | Vaults:1 | Reached XP level 19. HP: 179/179 MP: 31/31
 38277 | Vaults:1 | Reached skill level 17 in Invocations
 38456 | Vaults:1 | Reached skill level 14 in Armour
 38830 | Vaults:1 | Reached skill level 9 in Dodging
 39049 | Vaults:1 | Received a gift from Yredelemnul (a vampire knight)
 39495 | Vaults:2 | Found a staircase to the Crypt.
 39495 | Vaults:2 | Found an ancient bone altar of Kikubaaqudgha.
 39496 | Vaults:2 | Found a basalt altar of Yredelemnul.
 39563 | Vaults:2 | Received a gift from Yredelemnul (a skeletal warrior)
 39796 | Vaults:2 | Received a gift from Yredelemnul (a ghoul)
 39816 | Vaults:2 | Reached skill level 18 in Invocations
 39934 | Vaults:2 | Reached skill level 15 in Armour
 39940 | Vaults:2 | Reached skill level 10 in Dodging
 40051 | Vaults:2 | Received a gift from Yredelemnul (a vampire)
 40431 | Vaults:2 | Reached XP level 20. HP: 185/187 MP: 33/33
 40438 | Vaults:2 | Received a gift from Yredelemnul (a flayed ghost)
 40694 | Vaults:2 | Reached skill level 16 in Armour
 40694 | Vaults:2 | Reached skill level 11 in Dodging
 40861 | Vaults:2 | Received a gift from Yredelemnul (a ghoul)
 41185 | Vaults:2 | Identified Varrej's Tome of the Congealing Entourage
 41342 | Vaults:2 | Identified the +3 chain mail "Feach" {rC++ Will-}
 41344 | Vaults:2 | Acquired 1058 gold pieces
 41480 | Vaults:3 | Received a gift from Yredelemnul (a skeletal warrior)
 41502 | Vaults:3 | Found a ruined gateway.
 41513 | Desolati | Entered the Desolation of Salt
 41556 | Desolati | Received a gift from Yredelemnul (a ghoul)
 41600 | Desolati | Identified the +4 eveningstar of Starshine {drain, rPois
                  | rF++ Str-5 Stlth+}
 41602 | Desolati | Identified the ring of Pride {rCorr Slay+2 SInv}
 41604 | Desolati | Identified the +5 arbalest "Beetle's Funeral" {elec, rN+
                  | Str+3}
 41950 | Desolati | Reached skill level 1 in Maces & Flails
 42095 | Desolati | Reached skill level 2 in Maces & Flails
 42294 | Desolati | Received a gift from Yredelemnul (a ghoul)
 42369 | Desolati | Reached skill level 3 in Maces & Flails
 42444 | Desolati | Reached skill level 12 in Dodging
 42587 | Desolati | Reached skill level 4 in Maces & Flails
 42815 | Desolati | Identified the amulet of Irrepressible Laughter {RegenMP
                  | rPois Will+ Dex-5 Stlth+}
 42883 | Desolati | Received a gift from Yredelemnul (a skeletal warrior)
 43008 | Desolati | Identified the ring of Puxtucs {Fly Dex+2}
 43016 | Desolati | Identified the amulet of Raptisch {Fly rF+ Regen+ Dex+6}
 43050 | Desolati | Reached skill level 5 in Maces & Flails
 43071 | Desolati | Received a gift from Yredelemnul (a skeletal warrior)
 43598 | Vaults:3 | Reached skill level 6 in Maces & Flails
 44034 | Vaults:3 | You are sucked into a shaft and drop 1 floor!
 44039 | Vaults:4 | Reached skill level 19 in Fighting
 44039 | Vaults:4 | Reached XP level 21. HP: 198/198 MP: 32/34
 44052 | Vaults:4 | Reached skill level 7 in Maces & Flails
 44294 | Vaults:4 | Reached skill level 8 in Maces & Flails
 44336 | Vaults:4 | Noticed Frederick
 44346 | Vaults:4 | Killed Frederick
 44347 | Vaults:4 | Reached skill level 9 in Maces & Flails
 44494 | Vaults:4 | Received a gift from Yredelemnul (a vampire knight)
 44499 | Vaults:4 | Reached skill level 10 in Maces & Flails
 44942 | Vaults:4 | Reached skill level 11 in Maces & Flails
 45680 | Depths:1 | Entered Level 1 of the Depths
 45680 | Depths:1 | Found Botizut's Distillery.
 45688 | Depths:1 | Bought 2 potions of might for 104 gold pieces
 45688 | Depths:1 | Bought a potion of heal wounds for 65 gold pieces
 45688 | Depths:1 | Bought a potion of haste for 130 gold pieces
 45688 | Depths:1 | Bought a potion of resistance for 130 gold pieces
 45712 | Depths:1 | Received a gift from Yredelemnul (a skeletal warrior)
 45748 | Depths:1 | Reached skill level 20 in Fighting
 45844 | Depths:1 | Found a stormy altar of Qazlal.
 45919 | Depths:1 | Reached skill level 12 in Maces & Flails
 46065 | Depths:1 | Reached XP level 22. HP: 209/209 MP: 35/35
 46102 | Depths:1 | Found a sparkling altar of Nemelex Xobeh.
 46244 | Depths:1 | Found a gateway to Hell.
 46484 | Depths:1 | Identified the +2 battleaxe of the Morning {freeze, rF++}
 46537 | Depths:2 | Received a gift from Yredelemnul (a vampire knight)
 46641 | Depths:2 | Reached skill level 13 in Maces & Flails
 46647 | Depths:2 | Received a gift from Yredelemnul (a skeletal warrior)
 46650 | Depths:2 | Found a gateway to a ziggurat.
 46875 | Depths:2 | You are sucked into a shaft and drop 2 floors!
 46887 | Depths:4 | Found a one-way gate to the infinite horrors of the Abyss.
 46887 | Depths:4 | Noticed a golden dragon
 46897 | Depths:4 | Killed a golden dragon
 46906 | Depths:4 | Reached skill level 21 in Fighting
 47040 | Depths:4 | Noticed Jory
 47079 | Depths:4 | Killed Jory
 47474 | Depths:4 | Found Heclosm's Antique Armour Emporium.
 47474 | Depths:4 | Found Jek Sau's Antique Weapon Shoppe.
 47475 | Depths:4 | Found Fenala's General Store.
 47477 | Depths:4 | Found Coits's Assorted Antiques.
 47479 | Depths:4 | Bought a wand of paralysis (9) for 209 gold pieces
 47482 | Depths:4 | Bought a heavily runed plate armour for 812 gold pieces
 47482 | Depths:4 | Identified the +4 plate armour of a bazaar {Dex+2} (You
                  | bought it in a shop on level 4 of the Depths)
 47487 | Depths:4 | Bought a potion of haste for 370 gold pieces
 47487 | Depths:4 | Bought a scroll of enchant armour for 277 gold pieces
 47487 | Depths:4 | Bought a wand of digging (4) for 296 gold pieces
 47514 | Depths:4 | Reached skill level 22 in Fighting
 48197 | Depths:3 | Received a gift from Yredelemnul (a vampire knight)
 48221 | Depths:3 | Reached skill level 23 in Fighting
 48338 | Depths:3 | Found an ancient bone altar of Kikubaaqudgha.
 48428 | Depths:3 | Identified the Papyrus of Summoning
 48442 | Depths:3 | Noticed a caustic shrike
 48450 | Depths:3 | Killed a caustic shrike
 48451 | Depths:3 | Reached XP level 23. HP: 227/227 MP: 36/36
 48779 | Depths:3 | Found a one-way gate leading to the halls of Pandemonium.
 48967 | Depths:2 | Identified the +7 hand axe of Momi {vorpal, *Corrode rC+++
                  | Will+ Str+3}
 48984 | Depths:2 | Paralysed by a great orb of eyes for 5 turns
 49063 | Depths:2 | Found a runed translucent door.
 49064 | Depths:2 | Found a runed translucent door.
 49305 | Depths:2 | Found Haabeir's Book Emporium.
 49305 | Depths:2 | Found Ufyackic's Jewellery Shop.
 49306 | Depths:2 | Found Puettej's Jewellery Shop.
 49547 | Depths:5 | Entered Level 5 of the Depths
 49650 | Depths:5 | Received a gift from Yredelemnul (a vampire knight)
 49708 | Depths:5 | Found a white marble altar of Elyvilon.
 49719 | Depths:5 | Reached skill level 24 in Fighting
 49774 | Depths:5 | Received a gift from Yredelemnul (a skeletal warrior)
 49829 | Depths:5 | Noticed Xtahua
 49839 | Depths:5 | Killed Xtahua
 49866 | Depths:5 | Reached skill level 9 in Evocations
 49984 | Depths:5 | Found a gate to the Realm of Zot.
 50098 | Depths:5 | Received a gift from Yredelemnul (a phantasmal warrior)
 50814 | Vaults:5 | Entered Level 5 of the Vaults
 50876 | Vaults:5 | Noticed a golden dragon
 50885 | Vaults:5 | Killed a golden dragon
 50917 | Vaults:5 | Received a gift from Yredelemnul (a flayed ghost)
 50920 | Vaults:5 | Reached skill level 10 in Evocations
 50923 | Vaults:5 | Reached skill level 17 in Armour
 50960 | Vaults:5 | Noticed a dread lich
 50965 | Vaults:5 | Paralysed by a dread lich for 2 turns
 50970 | Vaults:5 | Killed a dread lich
 51034 | Vaults:5 | Reached skill level 11 in Evocations
 51102 | Vaults:5 | Reached XP level 24. HP: 238/238 MP: 36/36
 51123 | Vaults:5 | Identified the +2 pair of boots "Monol" {rElec Int+2}
 51158 | Vaults:5 | Paralysed by a sphinx for 6 turns
 51317 | Vaults:5 | Reached skill level 18 in Armour
 51387 | Vaults:5 | Identified the +1 buckler of the Iron Devil {+Inv Str-4
                  | Int-3 Dex+4}
 51431 | Vaults:5 | Reached skill level 12 in Evocations
 51442 | Vaults:5 | Received a gift from Yredelemnul (a bone dragon)
 51464 | Vaults:5 | Found Yror's Distillery.
 51548 | Vaults:5 | Received a gift from Yredelemnul (a skeletal warrior)
 51549 | Vaults:5 | Reached skill level 19 in Armour
 51558 | Vaults:5 | Bought a potion of might for 72 gold pieces
 51570 | Vaults:5 | Found Zoifiawn's Antique Armour Shop.
 51598 | Vaults:5 | Bought a potion of mutation for 144 gold pieces
 51895 | Vaults:5 | Reached skill level 20 in Armour
 51896 | Vaults:5 | Received a gift from Yredelemnul (a vampire knight)
 52212 | Vaults:5 | Got a silver rune of Zot
 52520 | Vaults:5 | Acquired 557 gold pieces
 52839 | D:9      | Bought a potion of mutation for 96 gold pieces
 53109 | Zot:1    | Entered Level 1 of the Realm of Zot
 53128 | Zot:1    | Received a gift from Yredelemnul (a bone dragon)
 53184 | Zot:1    | Reached XP level 25. HP: 166/245 MP: 36/36
 53192 | Zot:1    | Reached skill level 21 in Armour
 53273 | Zot:4    | Received a gift from Yredelemnul (a profane servitor)
 53498 | Zot:5    | Entered Level 5 of the Realm of Zot
 53629 | Zot:5    | Noticed a Killer Klown
 53652 | Zot:5    | Received a gift from Yredelemnul (a vampire knight)
 53692 | Zot:5    | Killed a Killer Klown
 53828 | Zot:5    | Reached skill level 22 in Armour
 53918 | Zot:5    | Received a gift from Yredelemnul (a bone dragon)
 54097 | Zot:4    | Identified the +1 short sword of Caopt {elec, rElec rC+
                  | Str-5 Dex+8 SInv}
 54352 | Elf:1    | Entered Level 1 of the Elven Halls
 54401 | Elf:1    | Received a gift from Yredelemnul (a vampire knight)
 54469 | Elf:1    | Found a flickering gateway to a bazaar.
 54481 | Bazaar   | Entered a bazaar
 54481 | Bazaar   | Found Uthal's Weapon Boutique.
 54481 | Bazaar   | Found Viro's Weapon Boutique.
 54504 | Bazaar   | Found Nalerit's Book Boutique.
 54553 | Bazaar   | Found Ygejed's Armour Shop.
 55288 | Elf:2    | Received a gift from Yredelemnul (a vampire knight)
 55496 | Elf:2    | Found a large runed translucent door.
 55496 | Elf:2    | Found a large runed translucent door.
 55522 | Elf:2    | Found a large runed translucent door.
 55522 | Elf:2    | Found a large runed translucent door.
 55748 | Elf:3    | Entered Level 3 of the Elven Halls
 55902 | Elf:3    | Received a gift from Yredelemnul (a bone dragon)
 55904 | Elf:3    | Found a radiant altar of Vehumet.
 56030 | Elf:3    | Reached skill level 23 in Armour
 56548 | Elf:3    | Received a gift from Yredelemnul (a skeletal warrior)
 56613 | Elf:3    | Identified the ring "Rybul" {MP+9 Str+2 Int+4}
 56651 | Elf:3    | Identified the +0 plate armour of Shielding {rN+ Int+4
                  | Stlth+}
 56758 | Elf:3    | Received a gift from Yredelemnul (a vampire knight)
 56766 | Elf:3    | Found the +9 staff of Olgreb {rPois∞}
 56779 | Elf:3    | Identified the +5 kite shield "Cotiej" {Rampage rN+ Will+
                  | Int-3}
 56829 | Elf:3    | Identified Guckieke's Reference Book on Frigorific Creation
 57308 | Zot:5    | Reached skill level 24 in Armour
 57308 | Zot:5    | Reached XP level 26. HP: 254/254 MP: 36/36
 57322 | Zot:5    | Noticed a dread lich
 57322 | Zot:5    | Noticed a dread lich
 57322 | Zot:5    | Noticed a Killer Klown
 57322 | Zot:5    | Noticed an orb of fire
 57322 | Zot:5    | Noticed an orb of fire
 57322 | Zot:5    | Noticed an orb of fire
 57323 | Zot:5    | Noticed an ancient lich
 57323 | Zot:5    | Noticed an orb of fire
 57323 | Zot:5    | Noticed an orb of fire
 57341 | Zot:5    | Gained mutation: You are frail. (-10% HP) [mutagenic glow]
 57342 | Zot:5    | Noticed an orb of fire
 57343 | Zot:5    | Got the Orb of Zot
 57343 | Zot:5    | Gained mutation: Armour fits poorly on your strangely
                  | shaped body. [an orb of fire]
 57347 | Zot:5    | Noticed an orb of fire
 57348 | Zot:5    | Noticed a Killer Klown
 57352 | Zot:5    | Noticed an orb of fire
 57353 | Zot:5    | Noticed an orb of fire
 57366 | Zot:5    | Lost mutation: You are frail. (-10% HP) [potion of
                  | mutation]
 57366 | Zot:5    | Lost mutation: Armour fits poorly on your strangely shaped
                  | body. [potion of mutation]
 57366 | Zot:5    | Gained mutation: You are somewhat resistant to further
                  | mutation. [potion of mutation]
 57366 | Zot:5    | Gained mutation: You are occasionally teleported next to
                  | monsters. [mutagenic glow]
 57367 | Zot:5    | Lost mutation: You do not regenerate when monsters are
                  | visible. [potion of mutation]
 57367 | Zot:5    | Lost mutation: You are somewhat resistant to further
                  | mutation. [potion of mutation]
 57367 | Zot:5    | Gained mutation: Potions are less effective at restoring
                  | your health. [potion of mutation]
 57367 | Zot:5    | Gained mutation: Your body sometimes deteriorates upon
                  | taking damage. [potion of mutation]
 57367 | Zot:5    | Gained mutation: You have an increased reservoir of magic.
                  | (+10% MP) [potion of mutation]
 57368 | Zot:5    | Lost mutation: Your body sometimes deteriorates upon taking
                  | damage. [potion of mutation]
 57368 | Zot:5    | Lost mutation: Potions are less effective at restoring your
                  | health. [potion of mutation]
 57368 | Zot:5    | Gained mutation: You are somewhat resistant to further
                  | mutation. [potion of mutation]
 57369 | Zot:5    | Lost mutation: You are occasionally teleported next to
                  | monsters. [potion of mutation]
 57369 | Zot:5    | Lost mutation: You are somewhat resistant to further
                  | mutation. [potion of mutation]
 57369 | Zot:5    | Gained mutation: You sometimes lose the ability to read
                  | scrolls when taking damage. [potion of mutation]
 57461 | Zot:1    | Gained mutation: You are dopey. (Int -2) [mutagenic glow]
 57473 | Depths:5 | Gained mutation: You are strong-willed. (Will+) [mutagenic
                  | glow]
 57489 | Depths:5 | Gained mutation: You are weak. (Str -2) [mutagenic glow]
 57519 | Depths:3 | Gained mutation: You are very weak. (Str -4) [mutagenic
                  | glow]
 57599 | D:14     | Noticed Laumum the pandemonium lord
 57627 | D:14     | Killed Laumum the pandemonium lord
 57858 | D:7      | Killed Pikel
 58019 | D:$      | Escaped with the Orb!

Illustrated notes

Levels and vault maps discovered:
D:1:      tarquinn_simple_flora_water_f, layout_loops_ring,
          ebering_ecumenical_altar_abandoned
D:2:      layout_loops_corners, solitary_fountain, minmay_tromino_mix6
D:3:      layout_rooms, nicolae_vehumet_altar_sigil, lemuel_round_altar,
          nicolae_sif_muna_little_library, gammafunk_ghost_gnarly_gnolls,
          uniq_natasha, uniq_jessica, uniq_sigmund
D:4:      layout_basic, serial_park_tiny_pond
D:5:      layout_basic
D:6:      layout_gridville, nemelex_diamond_rough_becter,
          general_overflow_altar, lemuel_doored_altar, minmay_temple_entry_mist,
          serial_glass, glass_columns_a, glass_columns_a, due_unseen_surprise,
          minmay_strange_pillars, uniq_maggie
D:7:      layout_basic, serial_shops, nicolae_shop_overgrown_old_shop,
          nicolae_ossuary_entry_false_entrances, uniq_pikel
D:8:      layout_loops_ring, nicolae_dithmenos_through_a_glass_darkly,
          old_standard_altar, uniq_grum
D:9:      layout_basic, kennysheep_mini_moat, serial_shops, shop,
          lightli_church_of_beogh
D:10:     layout_loops_ring, erik_lair_orcish_takeover,
          chequers_serial_rivers_room_a, uniq_joseph
D:11:     layout_gridville, orc_0_dummy, yredelemnul_forgotten_temple_becter
D:12:     layout_loops_cross, chequers_mini_garden, uniq_azrael, uniq_fannar
D:13:     layout_loops_ring, uniq_josephine, uniq_jorgrun
D:14:     layout_stronghold, skrybe_vaults_entry_preservation,
          minmay_misc_feat_pillars, hangedman_decor_growths, uniq_snorg,
          uniq_kirke
D:15:     grunt_enter_depths_giant_problem, layout_basic,
          portal_ice_cave_entry_imps, evilmike_ruin_ashenzari, uniq_roxanne
Lair:1:   layout_loops_ring, special_room [special_room_bee],
          serial_bayou_lake_a, grunt_megastairs_3
Lair:2:   dpeg_oklob_gauntlet, layout_regular_city,
          gammafunk_ghost_wrathful_warriors, roderic_carrion_pond,
          infiniplex_staircase_pool
Lair:3:   layout_cave_shapes, minmay_snake_entry_spellcaster,
          chequers_serial_rivers_micro_d, hibernation_bobbens
Lair:4:   layout_hall_layers, elwin_shoals_entry_rocks
Lair:5:   layout_layer_cave
Lair:6:   hangedman_lair_tendril_chambers, layout_gridlike,
          guppyfry_lair_end_dragon, minmay_slime_entry_oklob_open, st_stairs_10,
          serial_bayou_shore_a
Shoals:1: layout_shoals, gammafunk_ghost_necromancy
Shoals:2: layout_shoals, serial_shops, shop
Shoals:3: layout_shoals
Shoals:4: shoals_end_simple, layout_shoals, nicolae_shoals_loop_pool,
          uniq_bai_suzhen, uniq_nikola
Snake:1:  layout_basic, drop_trap, abandoned_shop
Snake:2:  layout_rooms, serial_shops, shop
Snake:3:  layout_layer_cave, serial_shops, nicolae_shop_stone,
          serial_bayou_shore_b
Snake:4:  johnstein_snake_rune_scales, layout_gridlike, uniq_saint_roka
Orc:1:    layout_caves, roderic_batcave, nicolae_orc_damp_corner,
          bh_open_orc_temple
Orc:2:    st_orc_pillars, layout_caves
Elf:1:    layout_rooms, serial_shops, bzr_entry_gold, minivault_28,
          grunt_megastairs_4
Elf:2:    layout_geoelf_grid, minivault_25
Elf:3:    elf_hall_gauntlet_wide, layout_geoelf_grid, basic_altar
Vaults:1: vaults_room_grid, hangedman_vaults_slither, hangedman_vaults_nodes,
          grunt_vaults_hallway_short, vaults_standard_mumra_x,
          nicolae_vaults_disjoint_gnomons, ontoclasm_vaults_hangar,
          vaults_room_door_hall, ontoclasm_vaults_ring_small,
          nicolae_vaults_murderbox, layout_vaults_maze_bifur, enter_trove_1
Vaults:2: minmay_crypt_entry_necro_gods, nicolae_vaults_angled_halls,
          nicolae_vaults_network_star, nicolae_vaults_yaktaur_gun_rack,
          st_greater_box_2, vaults_dpeg_cross, v_misc_4,
          vaults_standard_mumra_lines, v_misc_11, grunt_vaults_funnel,
          grunt_vaults_diagonal, nicolae_vaults_specimen_jars,
          layout_vaults_omnicross
Vaults:3: ontoclasm_vaults_eye, v_pattern_5, nicolae_vaults_hallways_thing,
          v_misc_24, vaults_dpeg_spiral, vaults_mumra_lcd,
          nicolae_vaults_shelves_hall, vaults_mumra_hex,
          nicolae_vaults_angled_halls, layout_vaults_quadrants,
          portal_desolation_entry_nicolae_slug
Vaults:4: v_pattern_2, hangedman_vaults_pinch, v_misc_9,
          vaults_mumra_minichess_inversion, nicolae_vaults_back_hallway,
          hangedman_vaults_corner, v_misc_33, ontoclasm_vaults_pinch,
          vaults_room_pool, v_alt_pattern_4, serial_ice_b,
          layout_vaults_omnibox, uniq_frederick, uniq_margery
Vaults:5: serial_shops
Depths:1: layout_forbidden_donut, grunt_hell_entry_dis_grunt, serial_shops,
          shop, lemuel_round_altar, nicolae_qazlal_general_emergency,
          serial_bayou_shore_b, grunt_megastairs_1
Depths:2: minmay_the_grid_four_pointed_star
          [minmay_the_grid_triangle_9x9_wacky_v,
          minmay_the_grid_triangle_9x9_windchime,
          minmay_the_grid_triangle_9x9_warning,
          minmay_the_grid_triangle_9x9_tough_junction,
          minmay_the_grid_prize_diamond_cup], layout_basic, enter_ziggurat_e,
          lightli_too_deep, minmay_crystal_room, rand_demon_pan_entry_8,
          minmay_shop_grove
Depths:3: minmay_swirls_squares, layout_basic,
          nicolae_kikubaaqudgha_miasma_corner, hell_entry,
          rand_demon_pan_entry_9
Depths:4: hangedman_cross_stitches, layout_cave_shapes, pf_hell_entry_tar_river,
          abyss_entry, serial_glass, glass_columns_b, glass_columns_a,
          serial_bayou_shore_b, grunt_megastairs_2, minmay_shoptagon,
          infiniplex_staircase_pool_lava, uniq_jory
Depths:5: evilmike_zot_entry_argh, layout_gridlike, elyvilon_altar_3,
          serial_glass, glass_columns_c, glass_columns_c, hell_entry,
          serial_bayou_shore_b, serial_bayou_shore_b, uniq_xtahua
Zot:1:    layout_gridville
Zot:2:    layout_misc_corridors
Zot:3:    gammafunk_mikee_crab_dinner, layout_onion, zot_minivault_1
Zot:4:    layout_misc_corridors, st_small_dragon_hoard_5
Zot:5:    layout_onion

Skill      XL: |  1  2  3  4  5  6  7  8  9 10 11 12 13 14 15 16 17 18 19 20 21 22 23 24 25 |
---------------+----------------------------------------------------------------------------+-----
Earth Magic    | 4 |  4.0
Fighting       | 2 3 4 6 9 12 13 17 18 19 20 23 24 | 24.0
Invocations    | 2 3 4 7 8 11 15 16 18 | 18.0
Axes           | 1 4 7 9 12 15 18 | 18.0
Armour         | 2 4 5 7 8 10 12 13 15 16 17 20 24 | 24.8
Shields        | 2 6 9 12 15 | 15.0
Evocations     | 4 5 7 8 11 12 | 12.0
Dodging        | 3 5 6 8 10 12 | 12.0
Maces & Flails | 6 12 13 | 13.1
Stealth        | |  1.5
Spellcasting   | |  1.5
Transmutations | |  0.6

Action                   |  1- 3 |  4- 6 |  7- 9 | 10-12 | 13-15 | 16-18 | 19-21 | 22-24 | 25-27 || total
-------------------------+-------+-------+-------+-------+-------+-------+-------+-------+-------++-------
Melee: Short sword       |    22 |       |       |       |       |       |       |       |       ||    22
       Spear             |    73 |    30 |       |       |       |       |       |       |       ||   103
       Broad axe         |       |   151 |   312 |   502 |  1127 |   726 |  1043 |  1230 |   489 ||  5580
       Unarmed           |       |     1 |       |       |       |       |       |       |     5 ||     6
       Eveningstar       |       |       |       |       |       |       |       |       |    64 ||    64
Throw: Boomerang         |     6 |       |       |       |       |       |       |       |       ||     6
 Cast: Sandblast         |    23 |     5 |       |       |       |       |       |       |       ||    28
       Passwall          |       |     2 |     2 |       |       |       |       |       |       ||     4
Invok: Animate Remains   |       |    10 |     9 |       |       |       |       |       |       ||    19
       Recall Undead Sla |       |     1 |       |     1 |     3 |    15 |     7 |    13 |     3 ||    43
       Injury Mirror     |       |       |     1 |       |       |       |       |       |       ||     1
       Animate Dead      |       |       |     5 |    12 |     9 |    13 |       |     2 |     1 ||    42
       Drain Life        |       |       |       |       |     8 |    17 |     2 |     4 |     3 ||    34
Evoke: Wand              |       |     2 |     5 |    12 |     2 |       |       |     2 |     2 ||    25
       Lightning rod     |       |       |       |       |     4 |       |       |       |       ||     4
       Piece from Xom's  |       |       |       |       |     4 |       |       |       |       ||     4
       Phantom mirror    |       |       |       |       |       |       |     3 |       |       ||     3
  Use: Scroll            |       |     6 |    16 |     8 |     7 |     1 |     4 |     9 |    16 ||    67
       Potion            |       |       |       |     1 |       |       |       |     1 |    22 ||    24
 Stab: Sleeping          |     3 |       |       |     1 |       |       |       |       |       ||     4
       Distracted        |       |       |     1 |     4 |     7 |    22 |    14 |    29 |     6 ||    83
       Paralysed         |       |       |       |     3 |     4 |     3 |     6 |     4 |       ||    20
Armor: Robe              |     6 |       |       |       |       |       |       |       |       ||     6
       Ring mail         |    18 |    22 |       |       |       |       |       |       |       ||    40
       Chain mail        |       |    77 |    85 |       |    84 |       |       |       |       ||   246
       Swamp dragon scal |       |       |   144 |   187 |   130 |       |       |       |       ||   461
       Plate armour      |       |       |       |       |   169 |   157 |       |       |       ||   326
       Storm dragon scal |       |       |       |       |       |   139 |   300 |   510 |   194 ||  1143
       Skin              |       |       |       |       |       |       |       |       |     8 ||     8
Dodge: Dodged            |    33 |    99 |   166 |   127 |   290 |   201 |   247 |   415 |   174 ||  1752
Block: Kite shield       |       |       |    49 |   247 |   718 |   578 |   539 |   770 |   379 ||  3280

Table legend: (Time is in decaauts)
 A = Elapsed time spent in this place.
 B = Non-inter-level travel time spent in this place.
 C = Inter-level travel time spent in this place.
 D = Time resting spent in this place.
 E = Time spent auto-exploring this place.
 F = Levels seen in this place.
 G = Mean time per level.
                   A        B        C        D        E       F      G
               +--------+--------+--------+--------+--------+-----+--------+
         Total |  56858 |  52031 |   4827 |   4060 |  37237 |  53 | 1072.8 |
       Dungeon |  19485 |  17496 |   1989 |   2585 |  11771 |  15 | 1299.0 |
          Lair |   7049 |   6494 |    555 |     13 |   5486 |   6 | 1174.8 |
        Shoals |   4924 |   4735 |    189 |    227 |   3876 |   4 | 1231.0 |
     Snake Pit |   3853 |   3668 |    185 |      0 |   2918 |   4 |  963.2 |
  Orcish Mines |   2226 |   1999 |    227 |    250 |   1219 |   2 | 1113.0 |
   Elven Halls |   2431 |   2194 |    237 |      5 |   1644 |   3 |  810.3 |
        Vaults |   7616 |   6964 |    652 |     20 |   5163 |   5 | 1523.2 |
        Depths |   5033 |   4458 |    575 |     84 |   3311 |   5 | 1006.6 |
           Zot |   1225 |   1011 |    214 |    337 |    271 |   5 |  245.0 |
        Bazaar |     95 |     95 |      0 |      0 |     92 |   1 |   95.0 |
       Ossuary |    433 |    433 |      0 |    193 |    141 |   1 |  433.0 |
      Ice Cave |    714 |    714 |      0 |    180 |    119 |   1 |  714.0 |
    Desolation |   1768 |   1768 |      0 |    166 |   1226 |   1 | 1768.0 |
               +--------+--------+--------+--------+--------+-----+--------+

Top non-repeatable levels by time:
Vaults:2: 2202 daAuts
     D:2: 1904 daAuts
Desolation: 1768 daAuts
    D:10: 1710 daAuts
     D:4: 1682 daAuts
Vaults:5: 1580 daAuts
Shoals:4: 1573 daAuts
     D:1: 1533 daAuts
Vaults:1: 1472 daAuts
  Lair:1: 1456 daAuts
     D:3: 1391 daAuts
     D:5: 1376 daAuts
    D:11: 1351 daAuts
  Lair:6: 1336 daAuts
Vaults:3: 1326 daAuts
